Map: Jagannatha LE

Players

PtitDrogo - Winner!

  • Race: Protoss Protoss

ziGGy

  • Race: Terran Terran

Event: DreamHack SC2 Masters 2021 Fall

VOD

Have the link to the VOD?

Description

Time

  • Played on: Aug. 8, 2021, 12:55 p.m.
  • Length: 9:40

All games in this series

Show
View Real Time Build Order
Export as new Build Order

PtitDrogo Protoss - Winner!

Build Orders: 1 Gate Expand, Blink Stalkers 

Get SALT Encoding   

  12  0:00  Probe  
  13  0:12  Probe  
  14  0:17  Pylon  
  14  0:24  Probe  
  15  0:35  Gateway  
  15  0:38  Probe (Chrono Boost)  
  16  0:46  Probe (Chrono Boost)  
  16  0:47  Assimilator  
  17  0:52  Probe  
  18  1:04  Probe  
  19  1:16  Probe  
  20  1:22  Cybernetics Core  
  20  1:33  Nexus  
  20  1:40  Pylon  
  20  1:43  Probe  
  21  1:49  Assimilator  
  21  1:55  Probe  
  21  1:56  Adept (Chrono Boost)  
  24  2:02  Warp Gate  
  24  2:07  Probe  
  25  2:16  Stalker (Chrono Boost)  
  25  2:19  Probe  
  28  2:31  Probe  
  29  2:38  Twilight Council  
  30  2:45  Probe (Chrono Boost)  
  30  2:48  Probe (Chrono Boost)  
  31  2:51  Gateway  
  31  2:55  Probe (Chrono Boost)  
  31  2:58  Probe (Chrono Boost)  
  33  3:00  Probe (Chrono Boost)  
  33  3:02  Stalker  
  36  3:08  Blink (Chrono Boost), Probe  
  36  3:11  Probe  
  38  3:20  Probe  
  38  3:24  Probe  
  40  3:31  Robotics Facility  
  40  3:32  Probe  
  41  3:36  Pylon, Probe  
  42  3:41  Pylon  
  42  3:44  Probe  
  42  3:48  Probe  
  44  3:51  Stalker  
  46  4:01  Stalker  
  46  4:02  Probe x2  
  50  4:12  Nexus  
  50  4:14  Probe  
  50  4:15  Stalker, Probe  
  54  4:20  Observer  
  55  4:24  Pylon  
  55  4:26  Stalker  
  55  4:28  Probe  
  55  4:30  Assimilator  
  58  4:31  Probe  
  58  4:32  Assimilator  
  58  4:36  Pylon  
  59  4:40  Probe  
  59  4:41  Observer  
  59  4:44  Probe  
  62  4:48  Gateway  
  62  4:49  Gateway  
  62  4:52  Probe  
  63  4:56  Probe  
  64  5:01  Shield Battery  
  64  5:04  Observer, Probe  
  64  5:05  Pylon  
  65  5:08  Stalker, Probe  
  65  5:10  Stalker  
  70  5:15  Charge (Chrono Boost)  
  70  5:16  Probe  
  70  5:20  Probe  
  72  5:24  Probe  
  72  5:28  Probe  
  74  5:32  Probe  
  74  5:35  Observer  
  74  5:36  Probe  
  74  5:37  Stalker x2  
  74  5:40  Probe  
  74  5:42  Shield Battery  
  79  5:44  Stalker x2, Probe  
  82  6:01  Stalker x2  
  69  6:16  Probe (Chrono Boost)  
  70  6:19  Stalker x2  
  70  6:21  Probe x2 (Chrono Boost)  
  70  6:22  Warp Prism  
  78  6:28  Probe (Chrono Boost)  
  78  6:30  Probe x2 (Chrono Boost)  
  78  6:31  Pylon  
  81  6:32  Templar Archives  
  81  6:33  Probe (Chrono Boost)  
  81  6:37  Gateway  
  81  6:39  Gateway  
  82  6:42  Gateway  
  82  6:44  Gateway, Probe  
  82  6:45  Probe  
  82  6:46  Probe  
  85  6:49  Assimilator  
  85  6:52  Assimilator  
  85  6:56  Gateway, Probe  
  85  6:57  Probe  
  85  6:58  Gateway, Probe  
  85  6:59  Zealot x2  
  85  7:00  Zealot  
  94  7:08  Probe  
  91  7:16  Probe  
  91  7:22  Psionic Storm, Zealot x4  
  90  7:38  Zealot x4  
  90  7:43  Nexus  
  90  7:47  Pylon  
  90  7:48  Pylon, Immortal (Chrono Boost)  
  90  7:50  Pylon  
  92  7:53  High Templar x2  
  92  7:54  High Templar x2  
  92  7:57  Pylon  
  100  8:00  Pylon  
  100  8:11  Stalker x4  
  100  8:12  Pylon  
  108  8:13  Zealot x2  
  108  8:19  Forge  
  112  8:24  Immortal (Chrono Boost)  
  112  8:25  Sentry  
  118  8:27  High Templar  
  118  8:28  High Templar, Zealot  
  124  8:34  Archon  
  124  8:37  High Templar  
  124  8:38  High Templar  
  124  8:39  Zealot x4  
  136  8:42  Archon  
  136  8:52  Archon  
  136  8:55  Zealot x2  
  110  9:09  Zealot x7  
  114  9:16  Stalker x3  
  108  9:24  Archon  
  108  9:30  Zealot  
  108  9:31  Zealot x6  
Show
View Real Time Build Order
Export as new Build Order

ziGGy Terran 

Build Orders: Reaper Expand, Banshee Rush 

Get SALT Encoding   

  12  0:00  SCV  
  13  0:12  SCV  
  14  0:17  Supply Depot  
  14  0:24  SCV  
  15  0:38  SCV  
  15  0:40  Barracks  
  16  0:43  Refinery  
  16  0:50  SCV  
  17  1:03  SCV  
  18  1:15  SCV  
  19  1:27  Reaper, Orbital Command  
  20  1:40  Command Center  
  20  1:47  Supply Depot  
  20  1:53  SCV  
  21  1:59  Marine  
  22  2:05  SCV  
  22  2:08  Factory  
  23  2:17  Bunker, SCV  
  23  2:20  Barracks Reactor  
  24  2:25  Refinery  
  24  2:29  SCV  
  25  2:42  SCV  
  26  2:52  Orbital Command  
  26  2:54  SCV  
  26  2:55  Hellion  
  26  2:57  Starport  
  29  3:00  Marine x2  
  31  3:06  SCV  
  32  3:18  SCV x2  
  34  3:21  Marine x2  
  36  3:30  SCV  
  36  3:34  Starport Tech Lab  
  36  3:35  SCV, Factory Tech Lab  
  36  3:38  Marine  
  36  3:39  Marine  
  39  3:43  SCV  
  39  3:44  Supply Depot  
  39  3:46  Supply Depot  
  40  3:54  Banshee, Cloaking Field  
  43  4:00  SCV x2  
  43  4:01  Marine  
  46  4:05  Marine, Siege Tank  
  46  4:09  Engineering Bay  
  50  4:12  SCV x2  
  52  4:23  Marine x2  
  54  4:24  SCV  
  54  4:26  SCV  
  54  4:27  Supply Depot  
  56  4:36  SCV  
  56  4:37  Banshee  
  60  4:38  SCV  
  60  4:43  Supply Depot  
  61  4:48  Siege Tank  
  61  4:49  SCV  
  61  4:50  SCV  
  66  5:01  SCV  
  66  5:02  SCV  
  66  5:04  Marine x2  
  66  5:05  Supply Depot  
  70  5:13  SCV  
  71  5:15  SCV  
  71  5:16  Barracks  
  71  5:17  Barracks  
  72  5:24  Siege Tank  
  75  5:29  Supply Depot  
  75  5:30  Refinery  
  75  5:31  Refinery, SCV  
  76  5:40  SCV  
  77  5:43  SCV  
  77  5:48  Raven  
  80  5:52  SCV  
  80  5:55  SCV  
  68  6:04  SCV  
  68  6:07  SCV  
  67  6:16  SCV, Barracks Tech Lab x2  
  61  6:19  SCV, Barracks, Terran Infantry Weapons Level 1  
  61  6:22  Barracks x2  
  61  6:24  Barracks  
  62  6:28  Supply Depot  
  62  6:32  Supply Depot  
  62  6:33  Supply Depot x2, Siege Tank  
  62  6:37  Marine x2  
  65  6:44  Stimpack, Marauder x2  
  63  6:50  Combat Shield  
  63  6:55  Marine x2  
  63  6:56  Starport Reactor  
  65  7:05  Marine x2  
  65  7:06  Marine  
  65  7:08  Siege Tank  
  69  7:09  Marine  
  69  7:13  Marine x2  
  69  7:15  Marine  
  66  7:17  Marine  
  63  7:23  Marauder x2  
  63  7:24  Marine  
  63  7:26  SCV  
  63  7:27  Marine  
  68  7:31  Marine  
  68  7:42  Marine  
  68  7:44  Marauder  
  68  7:45  Medivac x2, Marauder  
  68  7:47  Marine  
  77  7:52  Marine x2  
  79  8:00  Marine x2  
  81  8:05  Marine  
  81  8:06  Marauder x2  
  81  8:07  Marine  
  81  8:10  Factory Reactor  
  87  8:15  Medivac x2  
  87  8:18  Marine, Concussive Shells  
  93  8:27  Marauder  
  93  8:32  Marine  
  95  8:34  Marine x2, Missile Turret  
  95  8:35  Missile Turret x2  
  95  8:37  Marine  
  95  8:39  Marine  
  99  8:45  Marine, Marauder  
  80  8:57  Marine  
  80  8:58  Marine, Marauder  
  80  8:59  Marine, Marauder  
  69  9:04  Marine  
  69  9:05  Marine  
  69  9:09  SCV  
  60  9:13  Marine  
  60  9:16  Marine  
  58  9:21  SCV  

Tags
 
Add a new tag
Caveats
  • Supply blocks, unpowered buildings, or Contaminate may cause inaccurate times.
  • Supply counts are checked every 10 seconds.